 Dungeon Crawl Stone Soup version 0.17.1-3-g152610e (webtiles) character file.

42235 Heskey the Warrior (level 14, -3/98 HPs)
             Began as a Gargoyle Fighter on Mar 29, 2016.
             Was a High Priest of the Shining One.
             Killed from afar by an ice dragon (47 damage)
             ... with a blast of cold
             ... on level 15 of the Dungeon.
             The game lasted 00:42:13 (14889 turns).

Heskey the Warrior (Gargoyle Fighter)              Turns: 14889, Time: 00:42:14

Health: -3/98      AC: 37    Str: 25    XL:     14   Next: 18%
Magic:  0/28       EV:  7    Int:  9    God:    the Shining One [*****.]
Gold:   515        SH:  9    Dex:  9    Spells: 0 memorised, 13 levels left

rFire  . . .     SeeInvis +     c - +9 eveningstar of the Eight Blessings {crush, MP+9}
rCold  . . .     Clarity  .     p - +5 plate armour
rNeg   + + +     SustAt   .     d - +0 shield
rPois  ∞         Gourm    .     F - +1 hat
rElec  +         Spirit   +     g - +1 cloak
rCorr  .         Warding  .     U - +0 pair of gloves
rMut   .         Stasis   .     E - +0 pair of boots
MR     ++...                    n - amulet of guardian spirit
Stlth  ..........               Q - ring of see invisible
                                r - ring of protection from magic

@: glowing, studying Axes, very resistant to hostile enchantments, extremely
unstealthy
A: big wings, negative energy resistance 1, electricity resistance, unbreathing,
petrification resistance, rot immunity, AC +9
a: Fly, Divine Shield, Cleansing Flame, Summon Divine Warrior, Renounce Religion


You were on level 15 of the Dungeon.
You worshipped the Shining One.
The Shining One was extremely pleased with you.
You were not hungry.

You visited 1 branch of the dungeon, and saw 15 of its levels.

You collected 989 gold pieces.
You spent 474 gold pieces at shops.

Inventory:

Hand Weapons
 c - the +9 eveningstar of the Eight Blessings (weapon) {crush, MP+9}
   (You acquired it on level 14 of the Dungeon)

   It inflicts extra damage upon your enemies.
   It affects your magic capacity (+9).
 V - a +0 great mace
Armour
 d - a +0 shield (worn)
 g - a +1 cloak (worn)
 p - a +5 plate armour (worn)
 E - a +0 pair of boots (worn)
 F - a +1 hat (worn)
 U - a +0 pair of gloves (worn)
Jewellery
 n - an amulet of guardian spirit (around neck)
 r - a ring of protection from magic (left hand)
 Q - a ring of see invisible (right hand)
Wands
 m - a wand of disintegration (5)
 o - a wand of fire (11)
 q - a wand of fire (6)
 t - a wand of fireball (7)
 w - a wand of polymorph (0)
 A - a wand of frost (22)
 D - a wand of flame (27)
 G - a wand of magic darts (19)
 I - a wand of disintegration (7)
 K - a wand of flame (26)
Scrolls
 b - 2 scrolls of immolation
 f - 10 scrolls of identify
 h - 9 scrolls of teleportation
 j - a scroll of vulnerability
 l - 6 scrolls of remove curse
 s - 3 scrolls of recharging
 u - 3 scrolls of blinking
 y - a scroll of fear
 z - a scroll of amnesia
 R - a scroll of enchant weapon
 S - a scroll of magic mapping
Potions
 a - 2 potions of poison
 i - 12 potions of curing
 k - 3 potions of might
 v - a potion of cancellation
 x - 3 potions of brilliance
 H - 3 potions of agility
 N - a potion of heal wounds
 T - 2 potions of flight
Books
 B - a book of Debilitation

   Spells                             Type                      Level
   a - Corona                         Hexes                        1
   b - Slow                           Hexes                        2
   c - Gell's Gravitas                Hexes/Translocation          3
   d - Inner Flame                    Hexes/Fire                   3
   e - Cause Fear                     Hexes                        4
   f - Leda's Liquefaction            Hexes/Earth                  4
 M - a book of Party Tricks

   Spells                             Type                      Level
   a - Summon Butterflies             Summoning                    1
   b - Apportation                    Translocation                1
   c - Tukima's Dance                 Hexes                        3
   d - Alistair's Intoxication        Transmutation/Poison         4
   e - Invisibility                   Hexes                        6
 P - a manual of Axes
Comestibles
 e - 7 bread rations
 C - a beef jerky
 J - 9 slices of pizza
 L - 2 meat rations


   Skills:
 * Level 15.5 Fighting
 + Level 12.0 Maces & Flails
 + Level 13.2 Armour
 - Level 5.5 Dodging
 - Level 3.2 Shields
 + Level 7.6 Invocations


You had 13 spell levels left.
You didn't know any spells.

Dungeon Overview and Level Annotations

Branches:
Dungeon (15/15)            Temple (0/1) D:7            Lair (0/8) D:10
    Orc (0/4) D:12         Vaults (0/5) D:13         Depths (0/5) D:15

Altars:
Dithmenos
Elyvilon
Makhleb
Nemelex Xobeh
Qazlal
Ru
Trog
Xom
The Shining One

Shops:
D:6 ?   D:12 !   D:15 *


Innate Abilities, Weirdness & Mutations

You are resistant to torment.
Your stone body is resilient (AC +9).
You are immune to poison.
Your large and strong wings let you fly indefinitely.
You resist negative energy.
You are resistant to electric shocks.
You can survive without breathing.
You are immune to petrification.
You are immune to rotting.


Message History

Unknown command.
You sock the ice dragon!
The ice dragon is lightly wounded.
The ice dragon bites you. The ice dragon claws you.
The ice dragon tramples you but does no damage.
The satyr plays a rousing melody on his pipes!
Unknown command.
You bludgeon the ice dragon!!
The ice dragon is heavily wounded.
The ice dragon barely misses you. x2
The ice dragon tramples you but does no damage.
The satyr hits you! You block the ice dragon's attack.
The ice dragon claws you but does no damage.
You block the ice dragon's attack.
You hit the ice dragon but do no damage.
The ice dragon is heavily wounded.
You block the satyr's attack. The ice dragon breathes frost at you.
The blast of cold hits you!
You die...

#.........).....#
#.#.##....)#....# ..#...
#.####.###.# ..###### #.####
#.#>..#....#### #...#..#
#.######.#.....##.##.#
..#.#.#.)#
#.##.J...#...#.##.##.#
.........#
#.##..#.#.#.#..##.##.# ..#
#....#
#.##.#D..#.....##.##.#
..#.#....#
#.##.@c..#.#####.....#
..#.#....###....#..⌠#.#
#######
..#.(†.......###.####.####
..###..##.......#.. .#..
........+.........###...
#.##.#.##.......#.....# #
...............###.#.##.##.#
#.##...####..### #.........#
#.##...# #..# #.#[##.###


You could see an ice dragon and a satyr.

Vanquished Creatures
  3 ettins
  2 vault guards (D:13)
  A hydra (D:13)
  3 centaur warriors
  An ogre mage (D:15)
  4 tengu warriors
  A shock serpent (D:15)
  A deep troll (D:12)
  The ghost of schauveau the Cleaver, a novice GrBe of Trog (D:7)
  7 hill giants
  A wizard (D:13)
  A manticore (D:13)
  10 ugly things
  2 necromancers (D:13)
  An orc sorcerer (D:15)
  2 cyclopes
  Psyche (D:8)
  4 kobold demonologists
  2 gargoyles
  A komodo dragon (D:11)
  A yaktaur (D:15)
  A troll (D:15)
  5 two-headed ogres
  An efreet (D:14)
  A tengu conjurer (D:13)
  A troll (shapeshifter) (D:9)
  2 slime creatures
  Sigmund (D:6)
  2 deep elf magi
  5 vampire mosquitoes
  2 hippogriffs
  A wyvern (D:9)
  Eustachio (D:6)
  20 humans
  4 yaks
  3 hungry ghosts
  Menkaure (D:6)
  A mottled dragon (D:12)
  A water moccasin (D:13)
  8 orc warriors
  3 ice beasts
  The ghost of Heskey the Sneak, an amateur SpAs (D:3)
  Purgy (D:4)
  2 wasps
  An eye of draining (D:12)
  3 sky beasts
  A phantom (D:6)
  9 ogres
  11 centaurs
  5 boggarts (D:14)
  A crocodile (D:13)
  A necrophage (D:7)
  12 giant frogs
  5 big kobolds
  A wyvern zombie (D:10)
  6 scorpions
  A wyvern skeleton (D:14)
  8 killer bees
  12 wights
  A quasit (D:12)
  4 centaur zombies
  2 giant frog skeletons
  6 crimson imps
  5 centaur skeletons
  2 jellies
  Crazy Yiuf (D:2)
  4 iguanas
  9 hounds
  13 orc priests
  8 worker ants
  Terence (D:2)
  6 orc wizards
  A killer bee zombie (D:7)
  A hound skeleton (D:9)
  A worker ant zombie (D:7)
  Robin (D:2)
  8 gnolls
  11 adders
  4 shadow imps
  An adder zombie (D:6)
  A worm (D:2)
  3 adder skeletons
  8 giant geckos
  61 orcs
  7 giant cockroaches
  16 goblins
  6 hobgoblins
  5 jackals
  3 ball pythons
  7 bats
  2 giant cockroach zombies (D:6)
  5 giant newts
  31 kobolds
  5 quokkas
  A quokka skeleton (D:6)
  2 rats (D:1)
  2 fungi (D:2)
450 creatures vanquished.

Notes
Turn   | Place    | Note
--------------------------------------------------------------
     0 | D:1      | Heskey the Gargoyle Fighter began the quest for the Orb.
     0 | D:1      | Reached XP level 1. HP: 14/14 MP: 1/1
   137 | D:1      | Reached XP level 2. HP: 12/19 MP: 2/2
   460 | D:1      | Reached XP level 3. HP: 21/23 MP: 3/3
   743 | D:2      | Reached skill level 4 in Armour
  1055 | D:2      | Noticed Terence
  1098 | D:2      | Noticed Robin
  1220 | D:2      | Killed Terence
  1220 | D:2      | Reached XP level 4. HP: 29/29 MP: 4/4
  1488 | D:2      | Killed Robin
  1665 | D:2      | Noticed Crazy Yiuf
  1674 | D:2      | Killed Crazy Yiuf
  1674 | D:2      | Reached XP level 5. HP: 21/34 MP: 3/5
  2067 | D:3      | Found a shadowy altar of Dithmenos.
  2195 | D:3      | Noticed Heskey's ghost (amateur SpAs)
  2231 | D:3      | Killed Heskey's ghost
  2231 | D:3      | Reached skill level 5 in Armour
  2231 | D:3      | Reached XP level 6. HP: 36/40 MP: 6/6
  2403 | D:3      | Found a bloodstained altar of Trog.
  2572 | D:4      | Reached skill level 5 in Fighting
  2740 | D:4      | Noticed Purgy
  2766 | D:4      | Killed Purgy
  2929 | D:4      | Reached XP level 7. HP: 44/44 MP: 7/7
  3200 | D:5      | Entered Level 5 of the Dungeon
  3594 | D:5      | Found a stormy altar of Qazlal.
  3648 | D:5      | Reached skill level 6 in Armour
  3734 | D:5      | Reached skill level 5 in Maces & Flails
  3905 | D:6      | Found a glowing golden altar of the Shining One.
  3956 | D:6      | Became a worshipper of the Shining One
  4010 | D:6      | Reached XP level 8. HP: 51/51 MP: 8/8
  4079 | D:6      | Noticed Eustachio
  4167 | D:6      | Reached skill level 7 in Armour
  4178 | D:6      | Killed Eustachio
  4622 | D:6      | Noticed Sigmund
  4635 | D:6      | Killed Sigmund
  4679 | D:6      | Noticed Menkaure
  4682 | D:6      | Found a white marble altar of Elyvilon.
  4690 | D:6      | Killed Menkaure
  4690 | D:6      | Reached skill level 8 in Armour
  4690 | D:6      | Reached XP level 9. HP: 42/59 MP: 7/9
  4718 | D:6      | Found Muqat's Magic Scroll Shoppe.
  4943 | D:6      | Reached * piety under the Shining One
  4965 | D:6      | Reached skill level 1 in Invocations
  5328 | D:7      | Noticed schauveau's ghost (novice GrBe)
  6671 | D:7      | Reached ** piety under the Shining One
  6695 | D:7      | Found a staircase to the Ecumenical Temple.
  6733 | D:8      | Noticed a hill giant
  6749 | D:8      | Killed a hill giant
  6751 | D:8      | Reached skill level 9 in Armour
  6769 | D:8      | Reached XP level 10. HP: 40/66 MP: 3/12
  7089 | D:8      | Found a burning altar of Makhleb.
  7218 | D:8      | Noticed Psyche
  7229 | D:8      | Killed Psyche
  7296 | D:8      | Found a sparkling altar of Nemelex Xobeh.
  7472 | D:9      | Found a shimmering altar of Xom.
  7691 | D:9      | Reached skill level 5 in Invocations
  7937 | D:9      | Found a sacrificial altar of Ru.
  8011 | D:10     | Entered Level 10 of the Dungeon
  8149 | D:7      | Reached *** piety under the Shining One
  8156 | D:7      | Reached skill level 10 in Armour
  8198 | D:7      | Reached skill level 10 in Fighting
  8460 | D:7      | Killed schauveau's ghost
  8739 | D:10     | Reached XP level 11. HP: 72/72 MP: 15/15
  9030 | D:10     | Reached skill level 1 in Dodging
  9216 | D:10     | Noticed a hill giant
  9224 | D:10     | Killed a hill giant
  9439 | D:10     | Found a staircase to the Lair.
  9506 | D:10     | Got an encrusted broad axe
  9507 | D:10     | Identified the +8 broad axe of Infinite Pain {chop, rPois} (You found it on level 10 of the Dungeon)
  9675 | D:11     | Found a burning altar of Makhleb.
  9824 | D:11     | Reached skill level 11 in Fighting
 10104 | D:11     | Noticed a hill giant
 10114 | D:11     | Killed a hill giant
 10332 | D:12     | Reached **** piety under the Shining One
 10460 | D:12     | Found a staircase to the Orcish Mines.
 10508 | D:12     | Reached skill level 10 in Maces & Flails
 10608 | D:12     | Found Tieroucw's Distillery.
 10614 | D:12     | Bought a potion of heal wounds for 75 gold pieces
 10614 | D:12     | Bought 2 potions of curing for 90 gold pieces
 10614 | D:12     | Bought a potion of berserk rage for 75 gold pieces
 10614 | D:12     | Bought 2 potions of curing for 90 gold pieces
 10957 | D:12     | Reached skill level 12 in Fighting
 10957 | D:12     | Reached XP level 12. HP: 81/81 MP: 16/16
 11096 | D:12     | Found a runed door.
 11106 | D:12     | Noticed an ettin
 11108 | D:12     | Noticed a deep troll
 11108 | D:12     | Noticed a hill giant
 11108 | D:12     | Reached ***** piety under the Shining One
 11115 | D:12     | Killed an ettin
 11122 | D:12     | Killed a hill giant
 11131 | D:12     | Killed a deep troll
 11136 | D:12     | Noticed a hill giant
 11137 | D:12     | Noticed an ettin
 11383 | D:12     | Killed an ettin
 11396 | D:12     | Killed a hill giant
 11930 | D:13     | Noticed a tengu warrior
 11943 | D:13     | Killed a tengu warrior
 11955 | D:13     | Noticed a tengu warrior
 11975 | D:13     | Killed a tengu warrior
 11983 | D:13     | Reached skill level 13 in Fighting
 12449 | D:13     | Found a gate to the Vaults.
 12449 | D:13     | Noticed a vault guard
 12449 | D:13     | Noticed a vault guard
 12463 | D:13     | Killed a vault guard
 12463 | D:13     | Reached skill level 5 in Dodging
 12463 | D:13     | Reached XP level 13. HP: 77/89 MP: 11/17
 13060 | D:13     | Killed a vault guard
 13108 | D:13     | Reached skill level 14 in Fighting
 13660 | D:14     | Identified a scroll of acquirement
 13661 | D:14     | Got a shimmering eveningstar
 13662 | D:14     | Identified the +9 eveningstar of the Eight Blessings {crush, MP+9} (You acquired it on level 14 of the Dungeon)
 14245 | D:15     | Entered Level 15 of the Dungeon
 14283 | D:15     | Reached skill level 15 in Fighting
 14391 | D:15     | Noticed an ettin
 14409 | D:14     | Killed an ettin
 14546 | D:15     | Gained mutation: Your large and strong wings let you fly indefinitely. [Gargoyle growth]
 14546 | D:15     | Reached XP level 14. HP: 98/98 MP: 19/19
 14739 | D:15     | Found Qedd's General Store.
 14749 | D:15     | Bought 2 potions of curing for 72 gold pieces
 14749 | D:15     | Bought a scroll of teleportation for 36 gold pieces
 14749 | D:15     | Bought a scroll of teleportation for 36 gold pieces
 14824 | D:15     | Found a staircase to the Depths.
 14889 | D:15     | Killed from afar by an ice dragon

Action                   |  1- 3 |  4- 6 |  7- 9 | 10-12 | 13-15 || total
-------------------------+-------+-------+-------+-------+-------++-------
Melee: Flail             |   120 |    15 |   333 |   649 |       ||  1117
       Morningstar       |       |   245 |   175 |       |       ||   420
       Dire flail        |       |       |       |   137 |    97 ||   234
       Eveningstar       |       |       |       |       |   180 ||   180
       Great mace        |       |       |       |       |    39 ||    39
Invok: Divine Shield     |       |       |     1 |     4 |     2 ||     7
Evoke: Wand              |       |       |     1 |       |     1 ||     2
  Use: Potion            |     5 |     2 |     5 |     2 |     1 ||    15
       Scroll            |     2 |     3 |     4 |    16 |     4 ||    29
  Eat: Bread ration      |     1 |       |     1 |     2 |     1 ||     5
       Chunk             |       |     2 |     6 |    13 |     9 ||    30
       Beef jerky        |       |       |     1 |     1 |     1 ||     3
       Meat ration       |       |       |     1 |       |       ||     1
       Royal jelly       |       |       |       |     1 |       ||     1
